 Dungeon Crawl Stone Soup version 0.28.0-53-g5a82cb258f (webtiles) character file.

Game seed: 7149529969985252841

22260 sanboga the Severer (level 12, -26/112 HPs)
             Began as a Minotaur Berserker on July 5, 2022.
             Was a High Priest of Trog.
             Annihilated by a spriggan rider
             ... wielding the +3 trident "Dragonbane" {vorpal, *Rage rPois rCorr}
              (38 damage)
             ... on level 13 of the Dungeon.
             The game lasted 00:19:41 (16752 turns).

sanboga the Severer (Minotaur Berserker)           Turns: 16752, Time: 00:19:42

Health: -26/112    AC: 20    Str: 26    XL:     12   Next: 61%
Magic:  11/11      EV: 11    Int:  4    God:    Trog [*****.]
Gold:   817        SH:  5    Dex: 11    Spells: 11/11 levels left

rFire   . . .      SeeInvis .   a - +0 battleaxe
rCold   . . .      Faith    .   (shield currently unavailable)
rNeg    + . .      Spirit   .   v - +0 plate armour
rPois   .          Reflect  +   (helmet restricted)
rElec   .          Harm     .   y - +2 cloak {Will+}
rCorr   +          Rampage  .   (no gloves)
Will    +....                   m - +0 pair of boots
Stlth   ..........              b - amulet of reflection
HPRegen 0.28/turn               q - ring of resist corrosion
MPRegen 0.12/turn               j - ring of positive energy

@: on berserk cooldown, slowed, very slow
A: horns 2, retaliatory headbutt
a: Renounce Religion, Berserk, Trog's Hand, Brothers in Arms


You were on level 13 of the Dungeon.
You worshipped Trog.
Trog was extremely pleased with you.
You visited 1 branch of the dungeon, and saw 13 of its levels.
You visited the Abyss 1 time.

You collected 817 gold pieces.

Inventory:

Hand Weapons
 a - a +0 battleaxe (weapon)
Armour
 m - a +0 pair of boots (worn)
 v - a +0 plate armour (worn)
 y - a +2 cloak of willpower (worn)
Jewellery
 b - an amulet of reflection (around neck)
 j - a ring of positive energy (right hand)
 q - a ring of resist corrosion (left hand)
Wands
 f - a wand of polymorph (13)
 h - a wand of acid (18)
 u - a wand of iceblast (9)
Scrolls
 c - 8 scrolls of teleportation
 e - a scroll of magic mapping
 g - 3 scrolls of enchant weapon
 k - 3 scrolls of fear
 n - 2 scrolls of fog
 o - 2 scrolls of summoning
 t - a scroll of enchant armour
Potions
 d - 2 potions of might
 l - 2 potions of haste
 s - a potion of curing
 w - 3 potions of resistance
 x - 2 potions of mutation


   Skills:
 + Level 12.0 Fighting
 * Level 16.2 Axes
 + Level 11.7 Armour
 + Level 10.7 Dodging
 - Level 0.2 Unarmed Combat


You had 11 spell levels left.
You didn't know any spells.
Your spell library was empty.

Dungeon Overview and Level Annotations

Branches:
Dungeon (13/15)            Temple (0/1) D:7            Lair (0/6) D:8
    Orc (0/2) D:12         Vaults (0/5) D:13

Altars:
Cheibriados
Fedhas
Kikubaaqudgha
Nemelex Xobeh
Qazlal
Ru
Zin
The Shining One

Shops:
D:5 =

Annotations:
D:13 Buchaag's ghost, novice MiMo


Innate Abilities, Weirdness & Mutations

You have a pair of horns on your head.
You reflexively headbutt those who attack you in melee.


Message History

You are too injured to fight recklessly!
You closely miss Buchaag's ghost. Your headbutt misses Buchaag's ghost.
Buchaag's ghost is heavily damaged.
You closely miss the spriggan rider. You miss the spriggan rider.
Buchaag's ghost hits you but does no damage.
You are too injured to fight recklessly!
You slice Buchaag's ghost!!
You headbutt Buchaag's ghost, but do no damage.
Buchaag's ghost is almost destroyed.
You barely miss the spriggan rider. You miss the spriggan rider.
You block the spriggan rider's attack.
The spriggan hits you but does no damage.
The spriggan rider hits you but does no damage.
The spriggan rider barely misses you. Buchaag's ghost misses your troll.
The boggart casts a spell.
You feel a strong urge to attack something.
Your troll bites the spriggan rider!!
The spriggan dies!
Trog accepts your kill.
Your troll barely misses the hornet.
Your troll claws the hornet.
The spriggan rider hits your troll with the +3 trident "Dragonbane" {vorpal, *Rage rPois rCorr}!!!
Buchaag's ghost hits your troll!!
Your troll dies!
Your troll's corpse disappears in a puff of smoke!
The boggart mumbles some strange words.
You are no longer berserk.
You are exhausted.
You feel yourself slow down.
The boulder beetle leaps!
Aiming: Iceblast
Press: ? - help, Shift-Dir - straight line, f - spriggan rider
Aim: a spriggan rider, wielding the +3 trident "Dragonbane" {vorpal, *Rage rPois rCorr} and wearing a +4 ring of protection (grey smoke, moderately wounded, berserk)
The mass of ice explodes!
The iceblast engulfs the spriggan rider!
The spriggan rider is moderately wounded.
The iceblast engulfs Buchaag's ghost.
Buchaag's ghost partially resists.
Buchaag's ghost is almost destroyed.
The iceblast engulfs the hornet.
The hornet is almost dead.
The spriggan rider hits you from afar with the +3 trident "Dragonbane" {vorpal, *Rage rPois rCorr}!!!
You die...

.......#...#.........#.....#...##
.......#...#.........#.....#...##
.......#...#......#####....#...##
....##.#...'.####.#♣♣♣####.#...##
.<..##.#...#.####.#$.♣♣♣♣##'...##
....##.#...#......##♣...♣ ##...##
.......#####.^....8#i♣.B♣♣ #.....
.......##########..#yh°..♣####...
..>....#........@.i§W♣!♣.♣#..#...
#......#...........#gkC♣ #..#...
#......'....!.....8#.u.♣ #..#..>
#......#########..##..♣.♣ #.##...
#......#########..#.♣♣♣♣♣##'#....
#.[....#..........#♣♣ ####..#....
.......#..(.......#####.....#....
.......#....................#....
#......#....###....###...####....


You could see a boulder beetle (summoned), a brown ugly thing (summoned), a
spriggan rider (berserk), a wind drake (summoned), a cyclops (summoned), a
hornet, a spriggan, a wolf, a boggart and Buchaag's ghost.

Vanquished Creatures
  3 tentacled starspawn (Abyss:3)
  2 vault guards (D:13)
  A boulder beetle (D:11)
  3 two-headed ogres
  A thrashing horror (Abyss:3)
  Sonja (D:11)
  3 ugly things
  A deep elf pyromancer (D:13)
  An oklob plant (D:13)
  2 cyclopes
  A moth of wrath (shapeshifter) (D:8)
  An apocalypse crab (Abyss:3)
  6 centaur zombies
  Joseph (D:10)
  2 unseen horrors
  A komodo dragon (D:13)
  2 trolls
  2 hornets (D:13)
  2 blink frogs (Abyss:3)
  A meliai zombie (D:11)
  Sigmund (D:6)
  3 wraiths
  A wyvern (D:7)
  9 humans (D:13)
  A culicivora (shapeshifter) (D:12)
  A vampire (D:10)
  2 basilisks
  31 yaks
  A warg (D:12)
  Edmund (D:6)
  3 water moccasins
  An acid dragon (D:11)
  5 orc warriors
  2 black bears
  2 ice beasts
  A sky beast (D:8)
  A necrophage (D:5)
  11 centaurs
  A kobold brigand (D:8)
  6 bullfrogs
  2 wyvern zombies
  2 water moccasin skeletons
  An oklob sapling (D:13)
  8 wights
  6 killer bees (D:10)
  7 howler monkeys
  3 hounds
  A bullfrog zombie (D:5)
  Crazy Yiuf (D:6)
  5 orc priests
  A gnoll shaman (D:5)
  2 jellies
  A bullfrog skeleton (D:6)
  Ijyb (D:3)
  An iguana (D:6)
  7 orc wizards
  A killer bee zombie (D:8)
  A hound zombie (D:5)
  4 gnolls (D:5)
  A howler monkey skeleton (D:6)
  7 adders
  2 shadow imps
  A white imp (D:7)
  An ufetubus (D:5)
  4 worms
  3 dart slugs
  38 orcs
  11 ball pythons
  8 bats
  9 endoplasms
  2 giant cockroaches (D:3)
  9 hobgoblins
  4 jackals
  5 quokkas
  6 frilled lizards
  9 goblins
  9 kobolds
  4 rats (D:1)
  A bush (D:11)
  A starspawn tentacle (Abyss:3)
311 creatures vanquished.

Vanquished Creatures (collateral kills)
  A polar bear (D:13)
  A spriggan (D:13)
2 creatures vanquished.

Vanquished Creatures (others)
  A vault guard (D:13)
  An orc wizard (D:7)
  3 fungi
  12 plants
  7 starspawn tentacles (Abyss:3)
24 creatures vanquished.

Grand Total: 337 creatures vanquished

Notes
Turn   | Place    | Note
-------+----------+-------------------------------------------
     0 | D:1      | sanboga the Minotaur Berserker began the quest for the Orb.
     0 | D:1      | Reached XP level 1. HP: 19/19 MP: 0/0
   205 | D:1      | Reached XP level 2. HP: 26/27 MP: 1/1
   292 | D:1      | Found a faded altar of an unknown god.
   302 | D:1      | Reached skill level 4 in Axes
   972 | D:1      | Reached ** piety under Trog
  1159 | D:2      | Reached XP level 3. HP: 27/33 MP: 2/2
  1910 | D:2      | Found a glowing golden altar of the Shining One.
  2000 | D:2      | Reached XP level 4. HP: 40/40 MP: 3/3
  2390 | D:3      | Reached skill level 5 in Axes
  2400 | D:3      | Reached XP level 5. HP: 41/47 MP: 4/4
  2614 | D:3      | Reached *** piety under Trog
  2926 | D:3      | Reached XP level 6. HP: 49/55 MP: 5/5
  2985 | D:3      | Noticed Ijyb
  2999 | D:3      | Killed Ijyb
  3000 | D:3      | Reached skill level 6 in Axes
  3696 | D:4      | Reached skill level 5 in Fighting
  4124 | D:5      | Entered Level 5 of the Dungeon
  4252 | D:5      | Reached skill level 7 in Axes
  4252 | D:5      | Reached skill level 5 in Armour
  4252 | D:5      | Reached XP level 7. HP: 53/62 MP: 6/6
  4886 | D:5      | Reached XP level 8. HP: 62/70 MP: 7/7
  4939 | D:5      | Reached skill level 8 in Axes
  5250 | D:5      | Found Ocuazxuj's Jewellery Shoppe.
  5311 | D:5      | Reached skill level 5 in Dodging
  5625 | D:6      | Reached **** piety under Trog
  5919 | D:6      | Noticed Edmund
  5929 | D:6      | Killed Edmund
  5984 | D:6      | Noticed Sigmund
  5990 | D:6      | Killed Sigmund
  5991 | D:6      | Reached skill level 9 in Axes
  6274 | D:6      | Found a runed translucent door.
  6275 | D:6      | Noticed Crazy Yiuf
  6452 | D:6      | Killed Crazy Yiuf
  6568 | D:7      | Reached XP level 9. HP: 69/79 MP: 8/8
  6611 | D:7      | Found a staircase to the Ecumenical Temple.
  6715 | D:7      | Reached skill level 10 in Axes
  6967 | D:7      | Found a stormy altar of Qazlal.
  7081 | D:7      | Found a sparkling altar of Nemelex Xobeh.
  7083 | D:7      | Found a blossoming altar of Fedhas.
  7083 | D:7      | Found an ancient bone altar of Kikubaaqudgha.
  7084 | D:7      | Found a sacrificial altar of Ru.
  7114 | D:7      | Found a snail-covered altar of Cheibriados.
  7451 | D:8      | Noticed a troll
  7457 | D:8      | Killed a troll
  7515 | D:8      | Found a staircase to the Lair.
  7745 | D:8      | Found a glowing silver altar of Zin.
  7921 | D:8      | Reached skill level 11 in Axes
  7997 | D:8      | Noticed a swamp dragon
  7997 | D:8      | a redback changed into a swamp dragon
  7998 | D:8      | Noticed a moth of wrath
  7998 | D:8      | a swamp dragon changed into a moth of wrath
  8006 | D:8      | Killed a moth of wrath
  8012 | D:8      | Reached XP level 10. HP: 62/90 MP: 9/9
  8983 | D:9      | Reached ***** piety under Trog
  8985 | D:9      | Reached skill level 12 in Axes
  9216 | D:9      | Noticed a two-headed ogre
  9225 | D:9      | Killed a two-headed ogre
  9793 | D:10     | Entered Level 10 of the Dungeon
 10147 | D:10     | Reached skill level 13 in Axes
 10393 | D:10     | Noticed Joseph
 10402 | D:10     | Killed Joseph
 10793 | D:10     | Reached XP level 11. HP: 98/99 MP: 10/10
 11021 | D:11     | Noticed a red ugly thing
 11035 | D:11     | Killed a red ugly thing
 11036 | D:11     | Reached skill level 10 in Fighting
 12121 | D:11     | Noticed a boulder beetle
 12139 | D:11     | Killed a boulder beetle
 12140 | D:11     | Reached skill level 10 in Armour
 12506 | D:11     | Noticed Sonja
 12508 | D:11     | Cast into level 1 of the Abyss (Sonja)
 12508 | Abyss:1  | Found a corrupted altar of Lugonu.
 12545 | Abyss:2  | Noticed a Hell Sentinel
 12590 | Abyss:3  | Noticed a sun demon
 12600 | Abyss:3  | Noticed a starcursed mass
 12605 | Abyss:3  | Noticed a thrashing horror
 12617 | Abyss:3  | Killed a thrashing horror
 12746 | Abyss:3  | Noticed a tentacled starspawn
 12755 | Abyss:3  | Killed a tentacled starspawn
 12846 | Abyss:3  | Noticed a mana viper
 12854 | Abyss:3  | Noticed a tentacled starspawn
 12864 | Abyss:3  | Killed a tentacled starspawn
 12890 | Abyss:3  | Noticed a tentacled starspawn
 12905 | Abyss:3  | Killed a tentacled starspawn
 12908 | D:11     | Escaped the Abyss
 13297 | D:11     | Killed Sonja
 13298 | D:11     | Reached skill level 14 in Axes
 13511 | D:12     | Noticed a two-headed ogre
 13517 | D:12     | Killed a two-headed ogre
 13714 | D:12     | Found a staircase to the Orcish Mines.
 14467 | D:12     | Reached skill level 15 in Axes
 14474 | D:12     | Reached XP level 12. HP: 29/110 MP: 11/11
 14640 | D:12     | Reached skill level 10 in Dodging
 14993 | D:12     | Noticed a two-headed ogre
 14999 | D:12     | Killed a two-headed ogre
 15348 | D:13     | Killed a vault guard
 15751 | D:13     | Found a runed translucent door.
 15753 | D:13     | Noticed Buchaag's ghost (novice MiMo)
 15753 | D:13     | Identified the +3 trident "Dragonbane" {vorpal, *Rage rPois
                  | rCorr}
 16386 | D:13     | Noticed a vault guard
 16398 | D:13     | Killed a vault guard
 16400 | D:13     | Noticed a vault guard
 16406 | D:13     | Reached skill level 16 in Axes
 16415 | D:13     | Killed a vault guard
 16423 | D:13     | Found a gate to the Vaults.
 16750 | D:13     | Noticed a boulder beetle
 16752 | D:13     | Annihilated by a spriggan rider

Illustrated notes

Levels and vault maps discovered:
D:1:      erik_arrival_triangle_small, layout_loops_corners,
          hellmonk_ecumenical_altar_lost_god, serial_bayou_pond_e, st_stairs_14,
          minmay_stone_trees_medium
D:2:      layout_basic, basic_altar
D:3:      kennysheep_goblin_castle, layout_loops_corners
D:4:      layout_loops_ring, solitary_fountain, uniq_ijyb
D:5:      wad_crossroads, layout_gridville, serial_shops, kennysheep_mini,
          st_stairs_13, minmay_liquid_box, minmay_stone_trees_large
D:6:      layout_loops_corners, sigmund_edmund_badplayer,
          uniq_crazy_yiuf_cottage, uniq_sigmund
D:7:      layout_basic, slow_altar_2,
          chequers_temple_overflow_statue_of_worship,
          nicolae_qazlal_style_of_elements, minmay_temple_entry_overgrown
D:8:      layout_basic, nicolae_overflow_crystal_walls, dpeg_oklobed_lair,
          kennysheep_doodads, palyth_stone_intersect, kennysheep_pointless_box,
          minmay_chambers_of_fives
D:9:      layout_rooms
D:10:     layout_roguey, uniq_joseph
D:11:     layout_stronghold, kb_lookout_dungeons_type, uniq_sonja
D:12:     layout_cave_pools, david_orc_1_choice
D:13:     layout_stronghold, ximxim_vaults_locker_room,
          ebering_ghost_funeral_grove, introduction_to_nature_1

Skill      XL: |  1  2  3  4  5  6  7  8  9 10 11 12 |
---------------+-------------------------------------+-----
Axes           | 4 5 7 9 11 13 15 16 | 16.2
Armour         | 3 4 5 6 8 9 10 11 | 11.7
Fighting       | 4 5 6 7 8 9 11 12 | 12.0
Dodging        | 3 4 6 7 8 9 10 | 10.7
Unarmed Combat | |  0.2

Action                   |  1- 3 |  4- 6 |  7- 9 | 10-12 || total
-------------------------+-------+-------+-------+-------++-------
Melee: Hand axe          |    20 |       |       |       ||    20
       Headbutt          |     6 |    16 |    48 |   110 ||   180
       Battleaxe         |    65 |    95 |   211 |   471 ||   842
       Punch             |     1 |       |       |       ||     1
Invok: Berserk           |       |     2 |     2 |     8 ||    12
       Brothers in Arms  |       |       |       |     1 ||     1
Evoke: Wand              |       |       |       |     5 ||     5
  Use: Potion            |       |     3 |       |     6 ||     9
       Scroll            |       |     3 |    11 |    10 ||    24
 Stab: Sleeping          |     1 |       |       |       ||     1
Armor: Animal skin       |    20 |    12 |       |       ||    32
       Chain mail        |       |    32 |   169 |   252 ||   453
       Plate armour      |       |       |       |    12 ||    12
Dodge: Dodged            |    60 |    75 |   121 |   303 ||   559
Block: Other             |       |       |       |     7 ||     7
